 Dungeon Crawl Stone Soup version 0.32-a0-48-g56a75c7 (webtiles) character file.

Game seed: 2222793522835946157

2190 edsrzf the Thaumaturge (level 9, -6/85 HPs)
             Began as an Octopode Hedge Wizard on Feb 4, 2024.
             Was a Believer of Cheibriados.
             Succumbed to an orc wizard's poison
             ... on level 7 of the Dungeon.
             The game lasted 00:13:30 (6306 turns).

edsrzf the Thaumaturge (Octopode Hedge Wizard)      Turns: 6306, Time: 00:13:30

Health: -6/85      AC:  3    Str: 20    XL:     9   Next: 33%
Magic:  21/21      EV: 15    Int: 29    God:    Cheibriados [**....]
Gold:   183        SH:  0    Dex: 17    Spells: 20/24 levels left

rFire   . . .        b - +7 falchion "Guupuv" {freeze, *Rage Will+ Int+4}
rCold   . . .        (no shield)
rNeg    . . .        q - +2 hat
rPois   .            (no amulet)
rElec   .            j - ring of wizardry
rCorr   .            t - +6 ring of strength
SInv    .            (no ring)
Will    +....        (no ring) Stlth
                     (no ring)
HPRegen 0.34/turn    (no ring)
MPRegen 0.17/turn    (no ring)
                     (no ring)

%: random rage (20%), wizardry (x1)
@: berserking (expiring), lethally poisoned (-6 -> -41), very slow
A: almost no armour, amphibious, 8 rings, camouflage 1, gelatinous body 1,
(nimble swimmer 1), tentacles, wild magic 1, MP-powered wands
a: Renounce Religion, Bend Time


You were on level 7 of the Dungeon.
You worshipped Cheibriados.
Cheibriados was pleased with you.
You visited 1 branch of the dungeon, and saw 7 of its levels.
You also visited: Sewer.

You collected 183 gold pieces.

Inventory:

Hand Weapons
 a - a +0 dagger
 b - the +7 falchion "Guupuv" (weapon) {freeze, *Rage Will+ Int+4}
   (You found it on level 4 of the Dungeon)

   Int+4:     It affects your intelligence (+4).
   Will+:     It increases your willpower.
   *Rage:     It berserks you when you make melee attacks (+20% chance).
Missiles
 e - 23 poisoned darts
 s - 2 atropa-tipped darts
Armour
 q - a +2 hat (worn)
Jewellery
 j - a ring of wizardry (left tentacle)
 t - a +6 ring of strength (right tentacle)
Wands
 l - a wand of digging (6)
 u - a wand of polymorph (9)
Scrolls
 f - 3 scrolls of enchant armour
 g - 3 scrolls of butterflies {unknown}
 i - 2 scrolls of identify {@r1}
 m - 4 scrolls of teleportation {@r3}
 o - a scroll of amnesia {unknown}
 p - 2 scrolls of fear {unknown}
 r - 2 scrolls of blinking {unknown}
 w - a scroll of enchant weapon {unknown}
Potions
 c - 3 potions of magic
 d - 3 potions of mutation {!q}
 h - 2 potions of lignification
 k - 2 potions of invisibility
 n - 2 potions of attraction
 v - a potion of ambrosia


   Skills:
 + Level 3.3 Fighting
 - Level 4.1 Dodging
 - Level 2.6 Stealth
 - Level 8.0 Spellcasting
 - Level 4.3 Conjurations
 - Level 1.0 Summonings
 - Level 1.0 Translocations
 - Level 4.0 Air Magic
 - Level 4.3 Alchemy


You had 20 spell levels left.
You knew the following spells:

 Your Spells              Type           Power      Damage    Failure   Level
C - Mephitic Cloud        Conj/Alch/Air  47%        N/A       1%          3
X - Magic Dart            Conj           100%       1d8       1%          1

Your spell library contained the following spells:

 Spells                   Type           Power      Damage    Failure   Level
 Cigotuvi's Dreadful Rot  Necr/Alch/Air  72%        N/A       1%          2
 Slow                     Hex            60%        N/A       3%          1
 Blink                    Tloc           44%        N/A       3%          2
 Call Imp                 Summ           44%        N/A       3%          2
 Dazzling Flash           Conj/Hex       62%        N/A       4%          3
 Martyr's Knell           Necr/Summ      18%        N/A       21%         4
 Dispel Undead            Necr           15%        3d10      22%         4
 Silence                  Hex/Air        15%        N/A       28%         5
 Curse of Agony           Necr           15%        N/A       50%         5
 Death Channel            Necr           7%         N/A       95%         6


Dungeon Overview and Level Annotations

Branches:
Dungeon (7/15)              Sewer (visited)
 Temple: D:4-7

Altars:
Cheibriados
Elyvilon
Fedhas
Gozag
Qazlal
Sif Muna
Trog
Uskayaw
Vehumet
Xom
Zin

Annotations:
D:2 1 runed translucent door, Crazy Yiuf


Innate Abilities, Weirdness & Mutations

You cannot wear most types of armour.
You are amphibious.
You can wear up to eight rings at the same time.
Your skin changes colour to match your surroundings (Stealth+).
Your rubbery body absorbs attacks. (AC +1, EV +1)
((You are camouflaged when in or above water. (Stealth+)))
You have tentacles for arms and can constrict up to eight enemies at once.
Your spells are a little harder to cast, but a little more powerful.
You expend magic power (3 MP) to strengthen your wands.


Message History

The orc shouts!
You hit the scorpion. You freeze the scorpion. You grab the scorpion.
You tentacle-slap the scorpion, but do no damage.
The scorpion is lightly wounded.
You constrict the scorpion. The scorpion barely misses you.
You closely miss the orc wizard. You grab the orc wizard.
You constrict the orc wizard.
You constrict the scorpion, but do no damage.
The scorpion completely misses you.
The orc wizard hits you with a +0 dagger of venom.
You are poisoned.
The scorpion stings you but does no damage.
You slash the orc! You freeze the orc.
You kill the orc!
Cheibriados appreciates the change of pace.
You constrict the orc wizard. You constrict the scorpion.
You feel very sick. The scorpion barely misses you.
The orc wizard escapes!
A red film seems to cover your vision as you go berserk!
Cheibriados protects you from inadvertent hurry.
You feel mighty!
You completely miss the ice beast. You constrict the scorpion.
You feel sick. The scorpion stings you.
You are more poisoned.
The scorpion poisons you!
The orc wizard gestures wildly while chanting.
The orc wizard flickers and vanishes!
Deactivating autopickup; reactivate with Ctrl-A.
The ice beast misses you.
The orc wizard hits you with a +0 dagger.
The orc throws a boomerang.
The boomerang hits you. The scorpion barely misses you.
You hear some strange, mumbled words.
A magic dart appears from out of thin air!
The magic dart hits you! The ice beast misses you.
The orc wizard casts a spell at you. You resist with almost no effort.
You slice the ice beast!!
The ice beast is severely wounded.
You constrict the scorpion.
You kill the scorpion!
Cheibriados appreciates the change of pace.
You feel very sick. Something hits you. The ice beast closely misses you.
The orc wizard gestures at you while chanting.
The magic dart hits you. The orc barely misses you.
Your Fighting skill increases to level 3!
You hit the ice beast. Your squeeze misses the ice beast.
The ice beast is almost dead.
You feel very sick. Something hits you but does no damage.
You are more poisoned.
The ice beast hits you. The ice beast freezes you.
The orc wizard barely misses you. The orc misses you.
The orc barely misses you.
You are too berserk!
Unknown command.
You barely miss the ice beast.
The ice beast is almost dead.
You feel very sick. Something hits you.
You are more poisoned.
The ice beast completely misses you.
The orc wizard points at you and mumbles some strange words.
You resist with almost no effort. The orc hits you with a +0 flail!
* * * LOW HITPOINT WARNING * * *
The orc hits you but does no damage. Something hits you.
* * * LOW HITPOINT WARNING * * *
You are more poisoned.
The orc closely misses you. x2
The orc wizard hits you with a +0 dagger.
* * * LOW HITPOINT WARNING * * *
The ice beast hits you.
* * * LOW HITPOINT WARNING * * *
The ice beast freezes you!
* * * LOW HITPOINT WARNING * * *
You slash the ice beast!
You kill the ice beast!
Cheibriados appreciates the change of pace.
* * * LOW HITPOINT WARNING * * *
You feel extremely sick. Something hits you but does no damage.
You are more poisoned.
The orc wizard closely misses you. The orc barely misses you. x2
Your Dodging skill increases to level 4!
Press: ? - help, v - describe, . - travel
Here: an orc wizard, wielding a +0 dagger and wearing a +0 robe The floor.
You are too berserk!
Unknown command.
Press: ? - help, v - describe, . - travel
Here: an orc wizard, wielding a +0 dagger and wearing a +0 robe The floor.
Press: ? - help, v - describe, . - travel, g - get item
Here: an orc, wielding a +0 whip and wearing a +0 scale mail Item here: a scorpion corpse.
The floor.
You slash the orc! You freeze the orc.
You kill the orc!
Cheibriados appreciates the change of pace.
You die...

##. .........
... #........
#.. #........
#... #........
...##........
#.# ...........
#....#..)......
#....@{.....§
#...)oo.....≈
#...........<.≈
...#........#.≈
.# #..#........
...#........
....#.....#.≈
.###.........≈


You could see an orc wizard and an orc.

Vanquished Creatures
  A steam dragon (D:6)
  A water moccasin (D:6)
  Duvessa (D:4)
  An orc warrior (D:6)
  2 black bears (D:6)
  An ice beast (D:7)
  3 ogres
  A centaur (D:5)
  A phantom (D:6)
  A kobold brigand (D:6)
  2 brain worms (Sewer)
  2 scorpions
  Dowan (D:4)
  5 orc priests
  A sleepcap (D:5)
  3 iguanas
  7 orc wizards
  8 adders
  3 river rats (Sewer)
  2 white imps (D:6)
  4 ufetubi
  3 ribbon worms
  4 dart slugs (D:1)
  26 orcs
  8 bats
  8 endoplasms
  3 giant cockroaches
  5 goblins
  4 hobgoblins
  6 jackals (D:1)
  6 quokkas
  10 ball pythons
  6 frilled lizards
  10 kobolds
  15 rats
165 creatures vanquished.

Notes
Turn   | Place    | Note
-------+----------+-------------------------------------------
     0 | D:1      | edsrzf the Octopode Hedge Wizard began the quest for the
                  | Orb.
     0 | D:1      | Reached XP level 1. HP: 11/11 MP: 4/4
   187 | D:1      | Reached skill level 2 in Conjurations
   187 | D:1      | Reached XP level 2. HP: 17/17 MP: 0/6
   451 | D:1      | Reached XP level 3. HP: 17/21 MP: 3/7
   453 | D:1      | Reached skill level 3 in Conjurations
  1272 | D:2      | Reached XP level 4. HP: 27/27 MP: 4/8
  1397 | D:2      | Reached skill level 4 in Conjurations
  1745 | D:2      | Found a runed translucent door.
  1746 | D:2      | Noticed Crazy Yiuf
  1895 | D:2      | Learned a level 3 spell: Mephitic Cloud
  2438 | D:3      | Found a hide-covered altar of Uskayaw.
  2531 | D:4      | Noticed an ogre
  2546 | D:4      | Identified the +7 falchion "Guupuv" {freeze, *Rage Will+
                  | Int+4}
  2607 | D:4      | Reached skill level 1 in Air Magic
  2607 | D:4      | Reached skill level 1 in Alchemy
  2607 | D:4      | Reached XP level 5. HP: 31/31 MP: 6/9
  2691 | D:4      | Killed an ogre
  2692 | D:4      | Reached skill level 2 in Air Magic
  2692 | D:4      | Reached skill level 2 in Alchemy
  2692 | D:4      | Reached XP level 6. HP: 36/36 MP: 5/10
  2775 | D:4      | Identified 3 scrolls of enchant armour
  2777 | D:4      | Identified 3 scrolls of teleportation
  2780 | D:4      | Noticed Duvessa
  2780 | D:4      | Noticed Dowan
  2784 | D:4      | Identified 3 potions of mutation
  2784 | D:4      | Gained mutation: You have hidden genetic potential. [potion
                  | of mutation]
  2785 | D:4      | Identified 2 potions of lignification
  2786 | D:4      | Identified 2 potions of invisibility
  2788 | D:4      | HP: 3/81 [Duvessa/+0 rapier (3)]
  2789 | D:4      | Killed Dowan
  2790 | D:4      | Reached skill level 3 in Alchemy
  2790 | D:4      | Killed Duvessa
  2791 | D:4      | Reached skill level 3 in Air Magic
  2857 | D:4      | Identified 2 scrolls of identify
  2857 | D:4      | Identified a potion of attraction
  2992 | D:4      | Found a glowing drain.
  3002 | Sewer    | Entered a sewer
  3139 | Sewer    | Reached skill level 4 in Alchemy
  3139 | Sewer    | Reached XP level 7. HP: 33/41 MP: 8/11
  3149 | Sewer    | Gained mutation: Your spells are a little harder to cast,
                  | but a little more powerful. [hidden potential]
  3237 | Sewer    | Reached skill level 4 in Air Magic
  3408 | D:4      | Found a radiant altar of Vehumet.
  3559 | D:4      | Found a stormy altar of Qazlal.
  3569 | D:4      | Reached skill level 4 in Spellcasting
  3572 | D:4      | Found a snail-covered altar of Cheibriados.
  3610 | D:4      | Became a worshipper of Cheibriados the Contemplative
  3890 | D:4      | Found a white marble altar of Elyvilon.
  4070 | D:5      | Entered Level 5 of the Dungeon
  4097 | D:5      | Reached skill level 5 in Spellcasting
  4097 | D:5      | Reached XP level 8. HP: 27/46 MP: 12/16
  4292 | D:5      | Gained mutation: You expend magic power (3 MP) to
                  | strengthen your wands. [hidden potential]
  4292 | D:5      | Lost mutation: You have hidden genetic potential. [hidden
                  | potential expressed]
  4397 | D:5      | Reached skill level 6 in Spellcasting
  4482 | D:5      | Found a shimmering blue altar of Sif Muna.
  4497 | D:5      | Reached * piety under Cheibriados
  4686 | D:5      | Identified the +9 war axe of Nalosutul {flame, rC+}
  4829 | D:5      | Found a burning altar of Makhleb.
  4831 | D:5      | Found a blossoming altar of Fedhas.
  4831 | D:5      | Found a bloodstained altar of Trog.
  4846 | D:5      | Found a shimmering altar of Xom.
  4846 | D:5      | Found a glowing silver altar of Zin.
  4846 | D:5      | Found a stormy altar of Qazlal.
  5150 | D:6      | Reached skill level 7 in Spellcasting
  5205 | D:6      | Found a blossoming altar of Fedhas.
  5476 | D:6      | Reached skill level 8 in Spellcasting
  5578 | D:6      | Reached skill level 1 in Fighting
  5578 | D:6      | Reached XP level 9. HP: 53/53 MP: 21/21
  5581 | D:6      | Reached ** piety under Cheibriados
  5592 | D:6      | Identified a potion of haste
  5855 | D:6      | Identified a potion of ambrosia
  5864 | D:6      | Reached skill level 2 in Fighting
  5864 | D:6      | Reached skill level 3 in Dodging
  5910 | D:6      | Found an opulent altar of Gozag.
  6303 | D:7      | Reached skill level 3 in Fighting
  6305 | D:7      | HP: 1/84 [poisoned by an orc wizard]
  6306 | D:7      | Reached skill level 4 in Dodging
  6306 | D:7      | Succumbed to an orc wizard's poison

Illustrated notes

Levels and vault maps discovered:
D:1:      tekkud_arrival_beachfront_property, layout_loops_ring,
          minmay_surrounded
D:2:      layout_rooms, uniq_crazy_yiuf_cottage
D:3:      layout_rooms, nicolae_uskayaw_murder_on_the_dancefloor,
          nicolae_elevator_lobby_plus
D:4:      layout_basic, lemuel_tele_altar, vehumet_crystals,
          gammafunk_temple_overflow_statue, cheibrodos_sewer_entry_bend,
          uniq_duvessa
D:5:      layout_loops_ring, mainiacjoe_overflow_brackets, doesnt_xom_only_xom,
          nrook_mini_vaults
D:6:      layout_loops_ring, lemuel_crystal_altar,
          mainiacjoe_overflow_tiny_flanked, serial_glass, glass_columns_a,
          glass_columns_a, glass_columns_c, glass_columns_a, glass_columns_b,
          glass_columns_a, minmay_holes
D:7:      layout_rooms, mainiacjoe_overflow_boulevard,
          minmay_temple_entry_ruins, serial_library_regret_index_small_wings,
          kennysheep_cross_bottleneck

Skill      XL: |  1  2  3  4  5  6  7  8  9 |
---------------+----------------------------+-----
Conjurations   | 2 3 4 |  4.3
Air Magic      | 1 2 3 4 |  4.0
Alchemy        | 1 2 4 |  4.3
Spellcasting   | 5 8 |  8.0
Fighting       | 1 3 |  3.3
Dodging        | 4 |  4.1
Stealth        | |  2.6
Summonings     | |  1.0
Translocations | |  1.0

Action                     |  1- 3 |  4- 6 |  7- 9 || total
---------------------------+-------+-------+-------++-------
  Melee: Dagger            |    61 |     4 |       ||    65
         Tentacles         |    13 |     7 |    20 ||    40
         Constrict         |    16 |     9 |    23 ||    48
         Falchion          |       |    34 |   130 ||   164
         Punch             |       |       |     2 ||     2
   Cast: Magic Dart        |    34 |    70 |    48 ||   152
    Use: Scroll            |       |     4 |     1 ||     5
         Potion            |       |     3 |     1 ||     4
   Stab: Sleeping          |     8 |     1 |     7 ||    16
 Armour: Skin              |    30 |    26 |    94 ||   150
  Dodge: Dodged            |    43 |    23 |    89 ||   155

Table legend: (Time is in decaauts)
 A = Elapsed time spent in this place.
 B = Non-inter-level travel time spent in this place.
 C = Inter-level travel time spent in this place.
 D = Time resting spent in this place.
 E = Time spent auto-exploring this place.
 F = Levels seen in this place.
 G = Mean time per level.
                   A        B        C        D        E       F      G
               +--------+--------+--------+--------+--------+-----+--------+
         Total |   7164 |   6974 |    190 |   1571 |   4068 |   8 |  895.5 |
       Dungeon |   6754 |   6564 |    190 |   1434 |   3964 |   7 |  964.9 |
         Sewer |    409 |    409 |      0 |    136 |    104 |   1 |  409.0 |
               +--------+--------+--------+--------+--------+-----+--------+

Top non-repeatable levels by time:
     D:6: 1527 daAuts
     D:5: 1370 daAuts
     D:4: 1307 daAuts
     D:1: 1065 daAuts
     D:2: 853 daAuts
     D:3: 619 daAuts
   Sewer: 409 daAuts
     D:7: 12 daAuts
